 Dungeon Crawl Stone Soup version 0.27-a0-334-g52645efa06 (webtiles) character file.

Game seed: 1045551843286009411

31 ardl the Skirmisher (level 3, 23/33 HPs)
             Began as a Palentonga Artificer on Feb 13, 2021.
             Quit the game on level 2 of the Dungeon.
             The game lasted 00:02:03 (2122 turns).

ardl the Skirmisher (Palentonga Artificer)          Turns: 2122, Time: 00:02:04

Health: 23/33      AC:  5    Str: 16    XL:     3   Next: 7%
Magic:  3/3        EV:  8    Int: 11    God:
Gold:   67         SH:  0    Dex: 10    Spells: 2/2 levels left

rFire    . . .     SeeInvis +   a - +0 club
rCold    . . .     Faith    .   (no shield)
rNeg     . . .     Spirit   .   i - +0 ring mail
rPois    .         Reflect  .   (no helmet)
rElec    .         Harm     .   (no cloak)
rCorr    .         Rampage  .   (no gloves)
Will     .....                  (no barding)
Stlth    +.........             (no amulet)
HPRegen  0.11/turn              (no ring)
MPRegen  0.08/turn              (no ring)

@: mildly poisoned (23 -> 20)
A: large, rugged brown scales 3, see invisible, deformed body, roll 1, armoured
tail
a: Rolling Charge


You were on level 2 of the Dungeon.
You visited 1 branch of the dungeon, and saw 2 of its levels.

You collected 67 gold pieces.

Inventory:

Hand Weapons
 a - a +0 club (weapon)
Missiles
 l - 13 poisoned darts (quivered)
Armour
 b - a +0 leather armour
 i - a +0 ring mail (worn)
Wands
 c - a wand of flame (15)
 d - a wand of charming (15)
 e - a wand of random effects (15)
Scrolls
 f - 4 scrolls of identify {unknown}
 h - a scroll of enchant armour {unknown}
 k - 2 scrolls of blinking {unknown}
 m - a scroll of magic mapping {unknown}
Potions
 g - a potion of lignification {unknown}
 j - a potion of resistance {unknown}


   Skills:
 + Level 3.1 Fighting
 - Level 1.5 Armour
 - Level 0.7 Dodging
 - Level 0.5 Stealth
 - Level 2.6 Evocations


You had 2 spell levels left.
You didn't know any spells.
Your spell library was empty.

Dungeon Overview and Level Annotations

Branches:
Dungeon (2/15)

Altars:

Annotations:
D:1 exclusion: 2 doors


Innate Abilities, Weirdness & Mutations

You are completely covered in rugged brown scales. (AC +3, +7% HP)
You have supernaturally acute eyesight. (SInv)
Armour fits poorly on your strangely shaped body.
You can roll at nearby foes to attack.
You have a long armoured tail.


Message History

No target in view!
A kobold comes into view.
The kobold shouts!
You hear an angry hiss.
Health restored: 33 A kobold is nearby!
An adder comes into view.
The adder hisses angrily.
The kobold hits you but does no damage.
You closely miss the kobold. The kobold hits you but does no damage.
A dart slug comes into view.
A gnoll comes into view. It is wielding a +0 club.
You miss the kobold. The kobold barely misses you.
A gnoll comes into view. It is wielding a +0 spear.
The kobold barely misses you.
You closely miss the kobold.
The gnoll shouts!
You tail-slap the kobold.
You kill the kobold!
You closely miss the adder. The adder bites you but does no damage.
The adder barely misses you. The dart slug launches a dart at you.
The slug dart hits you.
You take 1 damage, and have 32/33 hp.
You barely miss the adder. The adder bites you but does no damage.
The adder bites you.
You are poisoned.
The adder poisons you!
You take 2 damage, and have 30/33 hp.
You miss the adder.
You feel sick.
A gnoll comes into view. It is wielding a +0 halberd.
The adder bites you.
A gnoll comes into view. It is wielding a +0 spear.
You take 5 damage, and have 25/33 hp.
The gnoll shouts! x2
You hit the adder.
Your tail-slap misses the adder.
The adder bites you but does no damage. The gnoll barely misses you.
The gnoll completely misses you. The adder bites you but does no damage.
The gnoll closely misses you. The gnoll hits you with a +0 club.
You take 2 damage, and have 23/33 hp.
Unknown command.

.........#......
.......#<...##...# #..
..^....#÷.#.##...# .#.#
.........##..#...###...#
...............?.....#..
.......#..###.#....w.g.#
.>....................
.................gg# .
.........###...#@S##...
.......#...#........g..#
.........#...$.#.#.....#
......##.##...#........#
...... #....#......#...#
####.. #...##..†.......#
## ..###......##.....###
#. ##).)..###........
..####......###........


You could see 4 gnolls, an adder and a dart slug.

Vanquished Creatures
  2 oozes
  A leopard gecko (D:1)
  3 bats
  A giant cockroach (D:1)
  A goblin (D:1)
  4 hobgoblins
  A frilled lizard (D:1)
  4 kobolds
  5 rats
22 creatures vanquished.

Notes
Turn   | Place    | Note
-------+----------+-------------------------------------------
     0 | D:1      | ardl the Palentonga Artificer began the quest for the Orb.
     0 | D:1      | Reached XP level 1. HP: 17/17 MP: 1/1
   203 | D:1      | Reached skill level 2 in Fighting
   508 | D:1      | Reached XP level 2. HP: 25/25 MP: 2/2
  1935 | D:2      | Reached skill level 3 in Fighting
  1936 | D:2      | Reached XP level 3. HP: 20/33 MP: 3/3
  2122 | D:2      | Quit the game

Illustrated notes

Levels and vault maps discovered:
D:1:      psy_arrival_terrarium, layout_basic
D:2:      layout_rooms, grunt_dithmenos_smoke,
          chequers_ecumenical_altar_simple_redux, grunt_qazlal_clouds

Skill      XL: |  1  2 |
---------------+-------+-----
Fighting       | 2 3 |  3.1
Armour         | |  1.5
Dodging        | |  0.7
Stealth        | |  0.5
Evocations     | |  2.6

Action                   || total
-------------------------++-------
Melee: Club              ||   120
       Tailslap          ||    10
Armor: Leather armour    ||    29
       Ring mail         ||    43
Dodge: Dodged            ||    71

Table legend: (Time is in decaauts)
 A = Elapsed time spent in this place.
 B = Non-inter-level travel time spent in this place.
 C = Inter-level travel time spent in this place.
 D = Time resting spent in this place.
 E = Time spent auto-exploring this place.
 F = Levels seen in this place.
 G = Mean time per level.
                   A        B        C        D        E       F      G
               +--------+--------+--------+--------+--------+-----+--------+
         Total |   2158 |   2054 |    104 |    646 |   1082 |   2 | 1079.0 |
       Dungeon |   2158 |   2054 |    104 |    646 |   1082 |   2 | 1079.0 |
               +--------+--------+--------+--------+--------+-----+--------+

Top non-repeatable levels by time:
     D:1: 1919 daAuts
     D:2: 239 daAuts
